AoeStats
← CesareBorgia

Four Lakes

509362124Analyzed
1v1 RM · 5d ago on Sep 26, 2026· 35m 50s· 2 players
Game mode
Random Map
Map size
Tiny (2 player)
Population
200
Speed
Normal
Resources
Standard
Victory
Conquest
Starting age
Dark Age
Ending age
Imperial Age
RankedLock teamsTeams togetherTeam positionsShared explorationLock speedFull tech treeHidden civsTurbo modeCheats
Victory
Defeat
🇺🇸 Khmer · United States
678
+15
🇫🇷 Japanese · France
653
-15
CesareBorgia
8:15 Loom
12:27 Feudal Age
14:02 Fishing Lines
14:39 Double-Bit Axe
16:12 Wheelbarrow
16:57 Fletching
22:10 Castle Age
21:42 Padded Archer Armor
23:57 Bodkin Arrow
23:25 Crossbowman
24:12 Thumb Ring
24:24 Squires
27:58 Medium Warships
27:37 Pikeman
30:01 Murder Holes
30:28 Ballistics
31:29 Hand Cart
33:41 Scale Mail Armor
34:20 Forging
jfeikema90
15:31 Feudal Age
16:48 Horse Collar
16:57 Double-Bit Axe
18:17 Wheelbarrow
17:31 Fishing Lines
20:51 Bloodlines
25:12 Castle Age
23:56 Gold Mining
24:54 Forging
24:50 Scale Barding Armor
26:07 Gillnets
27:11 Medium Warships
27:30 Hand Cart
27:14 Light Cavalry
27:55 Husbandry
28:33 Iron Casting
28:19 Chain Barding Armor
28:00 Scale Mail Armor
29:16 Gold Shaft Mining
28:32 Stone Mining
Connection lost

Rejoining the realm…

Still unreachable

The connection could not be restored.

Session expired

The server has moved on; the page needs a fresh start.